 Dungeon Crawl Stone Soup version 0.29.1-15-g9cfb28693d (webtiles) character file.

Game seed: 14256939476917913267

47 monsoonserge the Trooper (level 3, -7/31 HPs)
             Began as a Palentonga Fighter on May 1, 2023.
             Mangled by Sigmund
             ... wielding a +0 scythe
              (8 damage)
             ... on level 2 of the Dungeon.
             The game lasted 00:03:34 (1112 turns).

monsoonserge the Trooper (Palentonga Fighter)       Turns: 1112, Time: 00:03:35

Health: -7/31      AC:  8    Str: 23    XL:     3   Next: 48%
Magic:  3/3        EV:  5    Int:  8    God:
Gold:   35         SH:  4    Dex:  9    Spells: 2/2 levels left

rFire   . . .      SeeInvis +   a - +0 war axe
rCold   . . .      Faith    .   c - +0 buckler
rNeg    . . .      Spirit   .   m - +0 chain mail
rPois   .          Reflect  .   (no helmet)
rElec   .          Harm     .   (no cloak)
rCorr   .          Rampage  .   (no gloves)
Will    .....                   (no barding)
Stlth   ..........              (no amulet)
HPRegen 0.10/turn               (no ring)
MPRegen 0.08/turn               (no ring)

@: no status effects
A: large, rugged brown scales 3, see invisible, deformed body, roll 1, armoured
tail
a: Rolling Charge


You were on level 2 of the Dungeon.
You visited 1 branch of the dungeon, and saw 2 of its levels.

You collected 35 gold pieces.

Inventory:

Hand Weapons
 a - a +0 war axe (weapon)
Missiles
 e - 3 javelins
 h - 17 stones
 k - 2 boomerangs (quivered)
Armour
 c - a +0 buckler (worn)
 m - a +0 chain mail (worn)
Scrolls
 i - a scroll of amnesia {unknown}
 j - a scroll of immolation {unknown}
 n - a scroll of acquirement {unknown}
Potions
 b - a potion of attraction {unknown}
 d - a potion of might
 f - a potion of haste {unknown}
 g - 2 potions of berserk rage {unknown}
 l - 2 potions of ambrosia {unknown}


   Skills:
 + Level 3.3 Fighting
 + Level 3.0 Axes
 + Level 2.7 Armour
 + Level 2.8 Shields


You had 2 spell levels left.
You didn't know any spells.
Your spell library was empty.

Dungeon Overview and Level Annotations

Branches:
Dungeon (2/15)

Altars:

Annotations:
D:2 Sigmund


Innate Abilities, Weirdness & Mutations

You are completely covered in rugged brown scales. (AC +3, +7% HP)
You have supernaturally acute eyesight. (SInv)
Armour fits poorly on your strangely shaped body.
You can roll at nearby foes to attack.
You have a long armoured tail.


Message History

The adder attacks as you move away! The adder bites you but does no damage.
The kobold closely misses you.
You closely miss the kobold.
Your tail-slap misses the kobold.
You closely miss the adder. The adder bites you.
Sigmund hits you from afar with a +0 scythe.
The kobold hits you with a +0 short sword.
The adder bites you.
* * * LOW HITPOINT WARNING * * *
You are poisoned.
The adder poisons you!
You slash the kobold!
You kill the kobold!
You completely miss the adder.
You feel less confused.
* * * LOW HITPOINT WARNING * * *
You feel very sick. The adder bites you but does no damage.
Sigmund barely misses you.
* * * LOW HITPOINT WARNING * * *
You feel sick. The adder bites you but does no damage.
Sigmund hits you but does no damage. The adder bites you but does no damage.
Things that are here:
a +0 short sword; 5 stones Unknown command.
You closely miss Sigmund.
Your tail-slap misses Sigmund.
You miss the adder.
* * * LOW HITPOINT WARNING * * *
You feel sick. The adder barely misses you.
You barely miss Sigmund. You hit the adder.
* * * LOW HITPOINT WARNING * * *
You feel sick. The adder bites you but does no damage.
You block Sigmund's attack. The adder bites you but does no damage.
You slash Sigmund!
Sigmund is moderately wounded.
You hit the adder.
* * * LOW HITPOINT WARNING * * *
You feel sick.
You are no longer poisoned.
Sigmund points at you and mumbles some strange words.
You resist with significant effort. You block the adder's attack.
Sigmund hits you with a +0 scythe!
You die...

........#
#.#<#......#
........#
#.########.#
##'###### #..
#.# ##.# ....
#.# ...#
#+#########.#
...#
.........##.#
..)#
.........##.#
...#
.........##.#
####
.......@S##.#
.......@.)..#
.........####
.........#
.$.......#
.........#
.!..$....#
.........#
##########


You could see Sigmund and an adder.

Vanquished Creatures
  An adder (D:2)
  2 dart slugs (D:2)
  5 ball pythons
  4 endoplasms
  2 hobgoblins
  3 jackals (D:2)
  5 kobolds
  A quokka (D:2)
  2 bats
  3 frilled lizards
  2 goblins (D:2)
  5 rats
35 creatures vanquished.

Notes
Turn   | Place    | Note
-------+----------+-------------------------------------------
     0 | D:1      | monsoonserge the Palentonga Fighter began the quest for the
                  | Orb.
     0 | D:1      | Reached XP level 1. HP: 19/19 MP: 1/1
   347 | D:1      | Reached XP level 2. HP: 25/25 MP: 2/2
   685 | D:2      | Reached XP level 3. HP: 11/31 MP: 3/3
  1096 | D:2      | Noticed Sigmund
  1112 | D:2      | HP: 1/31 [poisoned by an adder]
  1112 | D:2      | Mangled by Sigmund

Illustrated notes

Levels and vault maps discovered:
D:1:      dpeg_arrival_boxorama, layout_rooms, columned_hall_lemuel,
          st_stairs_8, serial_bayou_crossing
D:2:      layout_basic, uniq_sigmund

Skill      XL: |  1  2  3 |
---------------+----------+-----
Axes           | 3 |  3.0
Fighting       | |  3.3
Armour         | |  2.7
Shields        | |  2.8

Action                   || total
-------------------------++-------
Melee: War axe           ||    92
       Tailslap          ||     4
 Abil: Rolling Charge    ||    23
Armor: Scale mail        ||    10
       Chain mail        ||    65
Dodge: Dodged            ||    29
Block: Buckler           ||    19
